 Dungeon Crawl Stone Soup version 0.22.1-2-g9c5b331383 (webtiles) character file.

1028391 Peloso the Minotaur Barricade (level 27, -7/253 HPs)
             Began as a Minotaur Fighter on Nov 28, 2018.
             Was the Champion of Okawaru.
             Killed from afar by Yvinge the pandemonium lord (41 damage)
             ... with a great blast of fire
             ... in Pandemonium on Nov 30, 2018.
             The game lasted 08:59:59 (139234 turns).

Peloso the Minotaur Barricade (Minotaur Fighter)  Turns: 139234, Time: 09:00:00

Health: -7/253     AC: 51    Str: 34    XL:     27
Magic:  35/35      EV: 19    Int:  6    God:    Okawaru [******]
Gold:   6969       SH: 41    Dex: 24    Spells: 26/26 levels left

rFire    + + +     SeeInvis .   L - +10 zealot's sword {holy, *Rage rN+ EV+3}
rCold    + . .     Gourm    .   p - +3 large shield {reflect}
rNeg     + . .     Faith    .   T - +12 gold dragon scales of Kikubaaqudgha's Fury {rPois rF+ rC+ Int+4}
rPois    +         Spirit   .   h - +2 hat {MR+}
rElec    .         Reflect  +   e - +1 cloak "Juretaid" {rF++ rCorr Slay+5}
rCorr    +         Harm     .   w - +0 pair of fencer's gloves {+Riposte Dex+3}
MR       ++++.     Rnd*Rage +   r - +2 pair of boots of the Assassin {Detection Stab+ Stlth++}
Stlth    ++++......             i - brooch of Shielding {Reflect SH+8}
HPRegen  0.52/turn              D - ring of Vedoeliq {+Fly rPois Str+2 Int+2 Dex+2}
MPRegen  0.24/turn              W - ring "Luaceh" {Str+8 Int-5 Dex+3}

@: berserk cooldown, slowed, very slow
A: retaliatory headbutt, fangs 1, hooves 1, horns 2, rugged brown scales 1,
berserk 1, blurry vision 1, frail 1, low mp 1, magic resistance 1, weak 2,
sturdy frame 1
}: 6/15 runes: serpentine, barnacled, slimy, silver, abyssal, demonic
a: Heroism, Finesse, Renounce Religion, Evoke Flight


You were in Pandemonium.
You worshipped Okawaru.
Okawaru was exalted by your worship.
You were hungry.

You visited 14 branches of the dungeon, and saw 60 of its levels.
You visited Pandemonium 2 times, and saw 6 of its levels.
You visited the Abyss 20 times.
You also visited: Labyrinth, Volcano and Wizlab.

You collected 12365 gold pieces.
You spent 5396 gold pieces at shops.

Inventory:

Hand Weapons
 a - a +9 double sword of freezing
 n - the +8 autumn katana {slice, Clar}
   (You found it on level 2 of the Depths)

   It inflicts extra damage upon your enemies.
   It protects you against confusion.
 L - the +10 zealot's sword (weapon) {holy, *Rage rN+ EV+3}
   (Okawaru gifted it to you on level 5 of the Realm of Zot)

   It has been blessed by the Shining One to cause great damage to the undead
   and demons.
   It affects your evasion (+3).
   It protects you from negative energy.
   It may make you go berserk in combat.
 O - a +9 double sword of electrocution
 X - a +6 double sword of protection
Armour
 b - a +2 hat of see invisible
 e - the +1 cloak "Juretaid" (worn) {rF++ rCorr Slay+5}
   (Okawaru gifted it to you on level 5 of the Pits of Slime)

   It affects your accuracy and damage with ranged weapons and melee attacks
   (+5).
   It greatly protects you from fire.
   It provides partial protection from all sources of acid and corrosion.
 h - a +2 hat of magic resistance (worn)
 m - a scarf of cloud immunity
 p - a +3 large shield of reflection (worn)
 r - the +2 pair of boots of the Assassin (worn) {Detection Stab+ Stlth++}
   (You bought it in a shop on level 14 of the Dungeon)

   It makes you much more stealthy.
 w - the +0 pair of fencer's gloves (worn) {+Riposte Dex+3}
   (You bought it in a shop on level 1 of the Orcish Mines)

   It affects your dexterity (+3).
 M - the +14 crystal plate armour "Obameppa" {rElec Str+2 Dex+2}
   (Okawaru gifted it to you on level 4 of the Shoals)

   It affects your strength (+2).
   It affects your dexterity (+2).
   It insulates you from electricity.
 N - a +1 hat
 T - the +12 gold dragon scales of Kikubaaqudgha's Fury (worn) {rPois rF+ rC+ Int+4}
   (You found it on level 3 of the Elven Halls)

   It affects your intelligence (+4).
   It protects you from fire.
   It protects you from cold.
   It protects you from poison.
 V - the +0 pair of boots of Poor Excuses {Str+3 Int+3 Dex+6}
   (Okawaru gifted it to you on level 1 of the Abyss)

   It affects your strength (+3).
   It affects your intelligence (+3).
   It affects your dexterity (+6).
 Y - the +3 plate armour "Sotiseatz" {Regen+ rCorr, unknown}
   (You found it in Pandemonium)

   It increases your rate of regeneration.
   It provides partial protection from all sources of acid and corrosion.
Jewellery
 i - the brooch of Shielding (around neck) {Reflect SH+8}
   (You took it off a deep elf sorcerer on level 3 of the Elven Halls)

   [amulet of reflection]

   It shields you and reflects attacks.
   It affects your SH (+8).
 B - a +2 ring of evasion
 D - the ring of Vedoeliq (left hand) {+Fly rPois Str+2 Int+2 Dex+2}
   (You took it off a deep elf master archer on level 3 of the Elven Halls)

   [ring of flight]

   It affects your strength (+2).
   It affects your intelligence (+2).
   It affects your dexterity (+2).
   It protects you from poison.
   It lets you fly.
 W - the ring "Luaceh" (right hand) {Str+8 Int-5 Dex+3}
   (You bought it in a shop on level 3 of the Vaults)

   [ring of dexterity]

   It affects your strength (+8).
   It affects your intelligence (-5).
   It affects your dexterity (+3).
Wands
 o - a wand of scattershot (2)
 q - a wand of digging (10)
 s - a wand of flame (38)
 y - a wand of acid (21)
 K - a wand of polymorph (14)
Scrolls
 c - 16 scrolls of identify
 g - 3 scrolls of enchant armour
 t - 26 scrolls of remove curse
 u - 2 scrolls of blinking
 v - 6 scrolls of noise
 E - 4 scrolls of summoning
 F - a scroll of silence
 P - 14 scrolls of magic mapping
 R - a scroll of fog
 S - 16 scrolls of teleportation
 U - 10 scrolls of fear
Potions
 d - 16 potions of might
 j - 4 potions of flight
 k - a potion of ambrosia
 l - 44 potions of curing
 x - 9 potions of haste
 z - a potion of mutation
 A - a potion of brilliance
 C - a potion of invisibility
 G - 6 potions of resistance
 H - 10 potions of heal wounds
 I - 20 potions of agility
 Q - 4 potions of berserk rage
Miscellaneous
 J - a lamp of fire
Comestibles
 f - 80 rations


   Skills:
 O Level 27 Fighting
 O Level 27 Long Blades
 O Level 27 Armour
 + Level 9.0 Dodging
 + Level 22.0 Stealth
 O Level 27 Shields
 + Level 4.3 Unarmed Combat
 O Level 27 Invocations
 + Level 21.3 Evocations


You had 26 spell levels left.
You didn't know any spells.
Your spell library contained the following spells:

 Spells                   Type           Power        Failure   Level  Hunger
 Animate Skeleton         Necr           N/A          86%         1    ##.....
 Apportation              Tloc           #.....       86%         1    ##.....
 Beastly Appendage        Tmut           #.....       86%         1    ##.....
 Confusing Touch          Hex            #.....       86%         1    ##.....
 Corona                   Hex            #......      86%         1    ##.....
 Flame Tongue             Conj/Fire      #....        86%         1    ##.....
 Freeze                   Ice            #...         86%         1    ##.....
 Infusion                 Chrm           #...         86%         1    ##.....
 Magic Dart               Conj           #...         86%         1    ##.....
 Pain                     Necr           #...         86%         1    ##.....
 Summon Butterflies       Summ           #.......     86%         1    ##.....
 Blink                    Tloc           N/A          95%         2    ###....
 Call Imp                 Summ           #.......     95%         2    ###....
 Corpse Rot               Necr           N/A          95%         2    ###....
 Ensorcelled Hibernation  Hex/Ice        #.....       95%         2    ###....
 Passwall                 Tmut/Erth      #.......     95%         2    ###....
 Searing Ray              Conj           #.....       95%         2    ###....
 Shroud of Golubria       Chrm/Tloc      #.........   95%         2    ###....
 Slow                     Hex            #.......     95%         2    ###....
 Song of Slaying          Chrm           #.......     95%         2    ###....
 Sticks to Snakes         Tmut           #.......     95%         2    ###....
 Swiftness                Chrm/Air       #.......     95%         2    ###....
 Throw Flame              Conj/Fire      #.....       95%         2    ###....
 Confuse                  Hex            #.......     99%         3    ####...
 Conjure Flame            Conj/Fire      #.......     99%         3    ####...
 Dazzling Spray           Conj/Hex       #.....       99%         3    ####...
 Gell's Gravitas          Tloc           #.........   99%         3    ####...
 Ignite Poison            Fire/Tmut/Pois #.......     99%         3    ####...
 Inner Flame              Hex/Fire       #.......     99%         3    ####...
 Lesser Beckoning         Tloc           #.........   99%         3    ####...
 Mephitic Cloud           Conj/Pois/Air  #.......     99%         3    ####...
 Portal Projectile        Hex/Tloc       #.....       99%         3    ####...
 Regeneration             Chrm/Necr      #.........   99%         3    ####...
 Spectral Weapon          Hex/Chrm       #.......     99%         3    ####...
 Spider Form              Tmut/Pois      #.........   99%         3    ####...
 Static Discharge         Conj/Air       #.......     99%         3    ####...
 Stone Arrow              Conj/Erth      #.....       99%         3    ####...
 Tukima's Dance           Hex            #.......     99%         3    ####...
 Vampiric Draining        Necr           #.........   99%         3    ####...
 Animate Dead             Necr           N/A          100%        4    #####..
 Cause Fear               Hex            #.........   100%        4    #####..
 Force Lance              Conj/Tloc      #.......     100%        4    #####..
 Fulminant Prism          Conj/Hex       #.........   100%        4    #####..
 Ice Form                 Ice/Tmut       #.......     100%        4    #####..
 Iskenderun's Mystic Bla  Conj           #.......     100%        4    #####..
 Leda's Liquefaction      Hex/Erth       #.........   100%        4    #####..
 Passage of Golubria      Tloc           N/A          100%        4    #####..
 Petrify                  Tmut/Erth      #.......     100%        4    #####..
 Sticky Flame             Conj/Fire      #.......     100%        4    #####..
 Summon Ice Beast         Ice/Summ       #.......     100%        4    #####..
 Summon Lightning Spire   Summ/Air       #.......     100%        4    #####..
 Alistair's Intoxication  Tmut/Pois      #.......     100%        5    ######.
 Blade Hands              Tmut           #.........   100%        5    ######.
 Bolt of Magma            Conj/Fire/Erth #.........   100%        5    ######.
 Borgnjor's Vile Clutch   Necr/Erth      #.........   100%        5    ######.
 Fireball                 Conj/Fire      #.........   100%        5    ######.
 Irradiate                Conj/Tmut      #.........   100%        5    ######.
 Iskenderun's Battlesphe  Conj/Chrm      #.......     100%        5    ######.
 Lee's Rapid Deconstruct  Erth           #.........   100%        5    ######.
 Lightning Bolt           Conj/Air       #.........   100%        5    ######.
 Metabolic Englaciation   Hex/Ice        #.........   100%        5    ######.
 Silence                  Hex/Air        #.........   100%        5    ######.
 Summon Forest            Summ/Tloc      #.........   100%        5    ######.
 Venom Bolt               Conj/Pois      #.........   100%        5    ######.
 Yara's Violent Unravell  Hex/Tmut       #.........   100%        5    ######.
 Bolt of Cold             Conj/Ice       #.........   100%        6    #######
 Bolt of Fire             Conj/Fire      #.........   100%        6    #######
 Conjure Ball Lightning   Conj/Air       #.........   100%        6    #######
 Darkness                 Hex            #.........   100%        6    #######
 Deflect Missiles         Chrm/Air       #.........   100%        6    #######
 Dispersal                Tloc           #.........   100%        6    #######
 Freezing Cloud           Conj/Ice/Air   #.........   100%        6    #######
 Hydra Form               Tmut           #.........   100%        6    #######
 Invisibility             Hex            #.......     100%        6    #######
 Iron Shot                Conj/Erth      #.........   100%        6    #######
 Poison Arrow             Conj/Pois      #.........   100%        6    #######
 Statue Form              Tmut/Erth      #........    100%        6    #######
 Dragon Form              Tmut           #.........   100%        7    #######
 Haunt                    Necr/Summ      #.........   100%        7    #######
 Malign Gateway           Summ/Tloc      #.........   100%        7    #######
 Monstrous Menagerie      Summ           #.........   100%        7    #######
 Orb of Destruction       Conj           #.........   100%        7    #######
 Ring of Flames           Chrm/Fire      #.........   100%        7    #######
 Spellforged Servitor     Conj/Summ      #.........   100%        7    #######
 Summon Greater Demon     Summ           #.........   100%        7    #######
 Summon Hydra             Summ           #.........   100%        7    #######
 Borgnjor's Revivificati  Necr           #.........   100%        8    #######
 Chain Lightning          Conj/Air       #.........   100%        8    #######
 Controlled Blink         Tloc           N/A          100%        8    #######
 Death's Door             Chrm/Necr      #.........   100%        8    #######
 Discord                  Hex            #.........   100%        8    #######
 Disjunction              Tloc           #.........   100%        8    #######
 Ignition                 Fire           #.........   100%        8    #######
 Infestation              Necr           #.........   100%        8    #######
 Lehudib's Crystal Spear  Conj/Erth      #.........   100%        8    #######
 Necromutation            Tmut/Necr      #.........   100%        8    #######
 Summon Horrible Things   Summ           #.........   100%        8    #######
 Dragon's Call            Summ           #.........   100%        9    #######
 Fire Storm               Conj/Fire      #.........   100%        9    #######
 Glaciate                 Conj/Ice       #.........   100%        9    #######
 Shatter                  Erth           #.........   100%        9    #######
 Tornado                  Air            #.........   100%        9    #######


Dungeon Overview and Level Annotations

Branches:
Dungeon (15/15)            Temple (1/1) D:7            Lair (6/6) D:9
 Shoals (4/4) Lair:4        Snake (4/4) Lair:3        Slime (5/5) Lair:6
    Orc (2/2) D:11            Elf (3/3) Orc:2        Vaults (5/5) D:14
  Crypt (3/3) Vaults:2       Tomb (1/3) Crypt:3      Depths (5/5) D:15
   Hell (1/1)                 Dis (0/7) Hell            Geh (0/7) Hell
    Coc (0/7) Hell            Tar (0/7) Hell            Zot (5/5) Depths:5

Altars:
Ashenzari
Cheibriados
Dithmenos
Fedhas
Gozag
Kikubaaqudgha
Makhleb
Okawaru
Qazlal
Ru
Uskayaw
Yredelemnul
Zin
Beogh
Jiyva

Shops:
D:7 (   D:9 ?   D:14 [   D:15 !   Orc:1 [   Orc:2 !*=([   Shoals:2 }
Snake:1 (   Vaults:1 *   Vaults:3 =   Vaults:4 }*   Vaults:5 [   Depths:1 ![*

Portals:
Hell: Depths:1 Depths:2 Depths:3 Depths:4 Depths:5
Abyss: Depths:3 Depths:4
Pandemonium: Depths:3 Depths:4 Depths:5
Ziggurat: Depths:1


Innate Abilities, Weirdness & Mutations

You reflexively headbutt those who attack you in melee.
You have a pair of horns on your head.
You have very sharp teeth.
You have large cloven feet.
You are partially covered in rugged brown scales. (AC +1, +3% HP)
You tend to lose your temper in combat.
Scrolls take you a little longer to read.
You are frail. (-10% HP)
Your magical capacity is low. (-10% MP)
You are resistant to hostile enchantments. (MR+)
You are very weak. (Str -4)
Your movements are slightly less encumbered by armour. (ER -2)


Message History

The living lightning hits you!
* * * LOW HITPOINT WARNING * * *
Yvinge blinks!
A ynoxinul opens the door.
Yvinge bursts into living lightning!
The living lightning hits you!
* * * LOW HITPOINT WARNING * * *
The living lightning hits something.
Yvinge blinks! x2
A chaos spawn comes into view.
Something unseen opens the door.
The ynoxinul gestures.
Yvinge gestures at you.
A raging storm of fire appears!
The great blast of fire engulfs you! You partially resist.
* * * LOW HITPOINT WARNING * * *
An ufetubus opens the door.
Yvinge gestures at you.
A raging storm of fire appears!
The great blast of fire engulfs you! You partially resist.
You die...

....###'####......#
....#.....#.......#
...##.....##.....##
...'..†....'.....#
#.##.......#######
#### #
#.##...........#
##∩#.#.#.
#####.....####.#
#........ #.....#
#§###§''''+'+
#######
#v§@§§&{45...
#####+'53''++ .5..
∩#


You could see Yvinge, a ynoxinul, a chaos spawn, a fire vortex (wandering) and 3
ufetubi.

Vanquished Creatures
  the Royal Jelly (Slime:5)
  A seraph (Pan)
  4 orbs of fire (Zot:5)
  Mennas (Crypt:2)
  14 ancient liches
  3 juggernauts
  3 greater mummies (Tomb:1)
  Sojobo (Crypt:2)
  Frederick (Vaults:2)
  3 pandemonium lords (Pan)
  5 Killer Klowns
  Saint Roka (Crypt:2)
  Xtahua (Vaults:2)
  4 caustic shrikes
  Geryon (Hell)
  2 curse toes
  16 golden dragons
  3 profane servitors
  2 pearl dragons (Pan)
  18 bone dragons
  Nikola (Elf:3)
  A shard shrike zombie (Crypt:1)
  3 electric golems
  A Brimstone Fiend (Pan)
  3 hellephants (Abyss:3)
  7 Ice Fiends (Pan)
  The ghost of LiquoriceLizzard the Severer, an adept DDFi of Makhleb (Elf:3)
  25 tentacled monstrosities
  25 Orb Guardians (Zot:5)
  A moon troll (WizLab)
  4 Hell Sentinels
  Rupert (Lair:5)
  10 quicksilver dragons
  2 deep elf blademasters (Elf:3)
  The ghost of twirl the Warrior, an adept MiBe of Trog (Elf:3)
  17 liches
  3 titans
  2 deep elf master archers (Elf:3)
  11 Executioners
  36 acid blobs
  11 sphinxes
  Frances (D:13)
  78 tentacled starspawn
  10 death cobs
  The ghost of Xedigg the Devastator, an adept GrFE of Vehumet (Snake:2)
  13 shadow dragons
  3 ancient champions
  Agnes (Elf:2)
  17 storm dragons
  11 nagarajas
  15 tengu reavers
  16 daevas
  11 draconian monks
  4 revenants
  The ghost of Cykl0x the Severer, an adept GrFi of Okawaru (Elf:3)
  Roxanne (Elf:3)
  Donald (Crypt:2)
  19 azure jellies
  11 fire giants
  20 vault wardens
  5 draconian knights
  An orc warlord (Orc:1)
  A juggernaut zombie (Depths:4)
  8 deep elf sorcerers
  22 frost giants
  Louise (Elf:3)
  2 ghost moths
  5 iron dragons
  11 draconian shifters
  A ghoul (Crypt:1)
  11 cacodemons
  23 angels
  3 black suns (Pan)
  5 warmongers (Pan)
  8 draconian scorchers
  6 corrupters (Pan)
  The ghost of Engiveno the Carver, a journeyman MiBe of Trog (Snake:2)
  4 deep elf elementalists
  6 draconian stormcallers
  5 balrugs
  3 curse skulls
  A spriggan defender (Depths:4)
  14 reapers
  18 ironheart preservers
  3 blood saints (Pan)
  13 ophanim
  10 draconian annihilators
  34 stone giants
  48 very ugly things
  10 war gargoyles
  8 deep elf demonologists
  A caustic shrike skeleton (Depths:4)
  28 apis (Pan)
  3 entropy weavers
  20 green draconians
  16 white draconians
  Azrael (Elf:2)
  13 black draconians
  11 vampire knights
  10 yellow draconians
  17 red draconians
  160 large abominations
  11 deep elf annihilators
  10 lorocyprocas
  17 spark wasps
  19 purple draconians
  12 dire elephants
  A minotaur (Lab)
  28 ettins
  7 eidola
  6 mummy priests (Tomb:1)
  11 blizzard demons
  A merfolk javelineer (Shoals:4)
  11 deep elf death magi
  17 fire dragons
  Snorg (Lair:5)
  5 green deaths
  5 jiangshi
  3 crystal guardians (Crypt:3)
  15 death oozes
  11 merfolk impalers
  2 quicksilver dragon zombies
  3 quicksilver dragon skeletons
  19 great orbs of eyes
  Josephine (Orc:1)
  14 yaktaur captains
  5 deep elf high priests
  4 hydras
  31 vault guards
  The ghost of Alamadd the Basher, a journeyman HOAK of Lugonu (Snake:2)
  2 merfolk avatars (Shoals:2)
  5 spriggan air magi
  2 hell beasts (Pan)
  2 catoblepae (Depths:2)
  11 naga warriors
  10 rakshasas
  3 monstrous demonspawn
  13 ice dragons
  3 merfolk aquamancers (Shoals:4)
  An alligator snapping turtle (Shoals:4)
  15 anacondas
  An alligator (shapeshifter) (Vaults:4)
  7 centaur warriors
  2 death knights
  55 two-headed ogres
  A satyr (Shoals:3)
  32 dancing weapons
  5 death yaks (Depths:2)
  19 deep troll earth magi
  2 vampire magi
  A queen ant (Lair:4)
  13 hell hogs
  5 tengu warriors
  7 spriggan berserkers
  14 naga sharpshooters
  21 ogre magi
  19 deep troll shamans
  59 thrashing horrors
  A titan zombie (Crypt:3)
  3 shock serpents
  3 spriggans (Depths:2)
  40 wretched stars
  21 soul eaters
  15 sun demons
  25 deep elf knights
  23 hell knights
  A storm dragon zombie (Crypt:3)
  19 spatial maelstroms
  3 iron trolls
  5 salamander mystics
  10 sea snakes
  22 skeletal warriors
  26 sixfirhies
  2 shadow wraiths
  2 sea snakes (shapeshifter)
  2 ghost moth zombies (Abyss:1)
  A titan skeleton (Crypt:3)
  A fire crab (shapeshifter) (Vaults:3)
  A storm dragon skeleton (Abyss:3)
  17 cherubim (Pan)
  21 glowing orange brains
  3 infernal demonspawn (Pan)
  40 deep trolls
  4 wizards
  A death drake (Abyss:1)
  A spark wasp zombie (Depths:4)
  4 anaconda zombies
  2 gelid demonspawn (Pan)
  2 orange crystal statues
  7 torturous demonspawn
  An iron giant zombie (Crypt:2)
  2 golden dragon zombies
  2 kraken simulacra
  5 naga ritualists
  5 unseen horrors
  16 deep elf archers
  11 flayed ghosts
  A glowing orange brain (shapeshifter) (Vaults:5)
  16 ironbrand convokers
  A lindwurm (shapeshifter) (Vaults:1)
  18 shadow demons
  2 anaconda skeletons
  A harpy (shapeshifter) (D:15)
  276 starcursed masses
  A sphinx zombie (Crypt:1)
  2 orb spiders
  8 phantasmal warriors
  15 harpies
  18 necromancers
  2 wolf spider zombies
  15 orc knights
  2 shadow dragon skeletons (Abyss:1)
  2 frost giant zombies
  A cyclops (shapeshifter) (Vaults:1)
  12 manticores
  2 fauns (shapeshifter)
  A glowing shapeshifter (Abyss:1)
  2 manticores (shapeshifter)
  A stone giant zombie (Crypt:3)
  57 deep elf magi
  10 salamanders
  3 salamanders (shapeshifter)
  5 wolf spiders
  12 cyclopes
  A stone giant skeleton (Abyss:1)
  5 mana vipers
  6 shining eyes
  3 orc sorcerers
  7 fauns
  51 ugly things
  2 fire giant skeletons
  13 elephants
  A black mamba (shapeshifter) (D:15)
  24 moths of wrath
  A dire elephant zombie (Abyss:1)
  A frost giant skeleton (Hell)
  An iron dragon skeleton (Crypt:2)
  A moth of wrath (shapeshifter) (D:15)
  10 guardian serpents
  14 vault sentinels
  9 eyes of devastation
  2 guardian serpents (shapeshifter)
  16 naga magi
  8 rust devils
  9 apocalypse crabs
  8 water nymphs
  11 worldbinders
  4 human skeletons
  29 black mambas
  14 centaur zombies
  7 merfolk sirens
  2 torpor snails
  48 smoke demons
  5 molten gargoyles
  2 ice statues (Hell)
  12 spiny frogs
  19 orange demons
  9 centaur skeletons
  A black draconian zombie (Crypt:1)
  3 dire elephant skeletons
  A sea snake zombie (Crypt:1)
  5 hellions
  A rime drake (shapeshifter) (Elf:2)
  3 tormentors
  4 kobold demonologists
  A yaktaur (shapeshifter) (D:14)
  14 efreet
  16 demonic crawlers
  20 freezing wraiths
  46 yaktaurs
  2 harpy zombies
  15 hellwings
  2 silent spectres (Abyss:1)
  5 red devils
  7 komodo dragons
  3 ice devils (Abyss:1)
  7 guardian mummies (Tomb:1)
  2 tengu conjurers
  37 ancient zymes
  5 hydra zombies
  34 merfolk
  19 trolls
  5 wind drakes
  A polar bear (shapeshifter) (Abyss:1)
  A polar bear (Lair:6)
  A meliai (shapeshifter) (D:15)
  A sphinx simulacrum (Depths:4)
  A wolf spider simulacrum (D:15)
  2 jumping spiders (shapeshifter)
  A wind drake (shapeshifter) (Abyss:1)
  3 hydra skeletons
  8 snapping turtles
  2 alligator zombies (Hell)
  11 hornets
  16 blink frogs
  7 hippogriffs
  2 iron dragon simulacra (Abyss:1)
  2 harpy skeletons
  93 slime creatures
  46 raiju
  2 bog bodies (Crypt:1)
  5 ettin zombies
  Prince Ribbit (D:7)
  A dream sheep (shapeshifter) (Depths:5)
  10 dream sheep
  The ghost of abdbla the Covered, an amateur GrFi (D:4)
  A frost giant simulacrum (Vaults:3)
  2 ice dragon zombies
  2 fire dragon zombies (Hell)
  46 flying skulls
  A shock serpent simulacrum (Hell)
  16 water elementals
  2 ushabtiu (Tomb:1)
  Sigmund (D:5)
  3 air elementals
  6 shadows
  An alligator skeleton (Tomb:1)
  A tarantella (shapeshifter) (Depths:4)
  An ettin skeleton (Vaults:4)
  A redback (shapeshifter) (Vaults:5)
  A redback (Vaults:4)
  40 yaks
  15 fire bats
  5 wyverns
  51 ynoxinuls
  2 dire elephant simulacra
  22 wraiths
  A steam dragon (D:14)
  4 vampires
  24 chaos spawn
  2 human simulacra
  11 basilisks
  2 hungry ghosts
  2 minotaur simulacra
  15 fire elementals
  10 golden eyes
  A vampire mosquito (D:15)
  38 neqoxecs
  A golden eye (shapeshifter) (Depths:2)
  56 nagas
  A faun zombie (Crypt:2)
  32 spatial vortices
  6 insubstantial wisps
  8 wargs
  16 soldier ants
  3 spiny frog zombies
  5 acid dragons
  12 water moccasins
  An infernal demonspawn skeleton (Crypt:1)
  A floating eye (Depths:5)
  8 porcupines
  7 hell hounds
  4 ice beasts
  3 black bears
  38 orc warriors
  An alligator simulacrum (Abyss:3)
  4 eyes of draining
  9 sky beasts
  A spiny frog skeleton (Crypt:3)
  6 necrophages
  A black mamba simulacrum (Hell)
  10 boggarts
  A swamp dragon zombie (Abyss:3)
  A manticore zombie (Hell)
  2 phantoms
  61 ogres
  A wolf (shapeshifter) (Depths:3)
  A swamp dragon skeleton (Abyss:1)
  A snapping turtle skeleton (Crypt:3)
  14 wolves
  11 centaurs
  10 crocodiles
  A big kobold (shapeshifter) (Abyss:1)
  A torpor snail zombie (Crypt:1)
  A human zombie (Vaults:4)
  6 big kobolds
  22 bullfrogs
  4 earth elementals
  A water moccasin zombie (D:8)
  2 scorpions
  A scorpion (shapeshifter) (Vaults:5)
  29 wights
  6 killer bees
  5 electric eels
  A polar bear skeleton (Crypt:2)
  5 howler monkeys
  A bullfrog zombie (D:5)
  9 crimson imps
  134 small abominations
  21 quasits
  4 hounds
  4 jellies
  2 bullfrog skeletons
  11 orc priests
  20 orc wizards
  25 iron imps
  3 iguanas
  3 polar bear simulacra (D:10)
  21 worker ants
  7 hell rats
  2 yak simulacra (D:10)
  3 wolf simulacra (D:10)
  A demigod zombie (Crypt:2)
  A naga skeleton (Abyss:1)
  A hound skeleton (D:5)
  7 mummies (Tomb:1)
  8 gnolls
  13 adders
  A scorpion zombie (Crypt:2)
  7 shadow imps
  21 white imps
  24 ufetubi
  3 oozes
  2 adder zombies
  An adder skeleton (D:9)
  4 worms
  A dart slug (D:4)
  7 leopard geckos
  91 orcs
  A ball python (D:3)
  12 bats
  A giant cockroach (D:3)
  2 gnoll zombies (D:2)
  9 goblins
  8 hobgoblins
  9 jackals
  20 kobolds
  3 quokkas
  7 frilled lizards
  2 leopard gecko skeletons
  6 rats
  3 river rat simulacra (D:10)
  A river rat skeleton (Crypt:1)
  7 bushes
  2 crawling corpses (Depths:4)
  4 demonic plants (WizLab)
  3 fire vortices (Volcano)
  3 fungi
  4 lurking horrors
  9 plants
  33 starspawn tentacles
  A tentacle (Hell)
4709 creatures vanquished.

Vanquished Creatures (others)
  A draconian annihilator (Zot:5)
  An ogre mage (Vaults:1)
  2 centaur warriors (Depths:3)
  3 thrashing horrors
  A dancing weapon (Elf:2)
  A shadow wraith (Abyss:1)
  A deep elf mage (Elf:1)
  2 centaur skeletons (Crypt:2)
  7 yaktaurs
  A water elemental (Abyss:4)
  A neqoxec (Abyss:1)
  2 small abominations
  2 killer bees (Abyss:5)
  2 ufetubi (Abyss:1)
  A ball lightning (Elf:3)
  An orc (Orc:2)
  A kobold (Abyss:1)
  A demonic plant (WizLab)
  A fire vortex (Volcano)
  4 fungi
  9 lurking horrors
  7 plants
  165 starspawn tentacles
  3 tentacles (Hell)
220 creatures vanquished.

Grand Total: 4929 creatures vanquished

Notes
Turn   | Place    | Note
-------+----------+-------------------------------------------
     0 | D:1      | Peloso the Minotaur Fighter began the quest for the Orb.
     0 | D:1      | Reached XP level 1. HP: 19/19 MP: 0/0
   189 | D:1      | Reached XP level 2. HP: 25/27 MP: 1/1
   394 | D:1      | Reached XP level 3. HP: 29/33 MP: 2/2
  1183 | D:2      | Reached XP level 4. HP: 38/40 MP: 3/3
  1338 | D:2      | Found a basalt altar of Yredelemnul.
  1648 | D:3      | Reached skill level 1 in Dodging
  1709 | D:3      | Reached XP level 5. HP: 47/47 MP: 4/4
  2295 | D:4      | Got a warped spear
  2296 | D:4      | Identified the +4 spear of Attainder {freeze, +Blink rN++
                  | MR+++ Int-3} (You found it on level 4 of the Dungeon)
  2309 | D:4      | Found a transporter.
  2310 | D:4      | Noticed abdbla's ghost (amateur GrFi)
  2533 | D:4      | Found a transporter.
  2583 | D:4      | Reached skill level 5 in Armour
  2787 | D:5      | Entered Level 5 of the Dungeon
  2848 | D:5      | Reached skill level 5 in Shields
  2854 | D:5      | Noticed Sigmund
  2876 | D:5      | Killed Sigmund
  2876 | D:5      | Reached skill level 5 in Long Blades
  2876 | D:5      | Reached XP level 6. HP: 23/53 MP: 5/5
  3264 | D:5      | Reached XP level 7. HP: 57/60 MP: 6/6
  3371 | D:6      | Got a transparent mace
  3372 | D:6      | Identified the +4 mace of Amortisation {crush, +Rage MR+}
                  | (You found it on level 6 of the Dungeon)
  3567 | D:6      | Reached skill level 1 in Stealth
  4039 | D:6      | Reached skill level 5 in Fighting
  4050 | D:6      | Reached XP level 8. HP: 49/68 MP: 7/7
  4317 | D:7      | Noticed Prince Ribbit
  4409 | D:7      | Killed Prince Ribbit
  4411 | D:7      | Found a staircase to the Ecumenical Temple.
  4524 | D:7      | Found a shadowy altar of Dithmenos.
  4551 | Temple   | Entered the Ecumenical Temple
  4633 | Temple   | Became a worshipper of Warmaster Okawaru
  4788 | D:7      | Reached XP level 9. HP: 75/75 MP: 8/8
  4870 | D:7      | Reached * piety under Okawaru
  5109 | D:7      | Found Jeixoec's Antique Weapon Emporium.
  5118 | D:7      | Bought a scorched long sword for 221 gold pieces
  5118 | D:7      | Identified the cursed +2 long sword "Fygeusse" {venom,
                  | Int+4} (You bought it in a shop on level 7 of the Dungeon)
  5262 | D:8      | Noticed a two-headed ogre
  5286 | D:8      | Killed a two-headed ogre
  5286 | D:8      | Reached ** piety under Okawaru
  6264 | D:8      | Reached skill level 10 in Long Blades
  6428 | D:8      | Reached *** piety under Okawaru
  6429 | D:8      | Found a shattered altar of Ashenzari.
  6439 | D:8      | Found a shadowy altar of Dithmenos.
  6453 | D:8      | Reached XP level 10. HP: 63/86 MP: 9/9
  7047 | D:9      | Found Xifuep's Magic Scroll Emporium.
  7149 | D:9      | Reached **** piety under Okawaru
  7149 | D:9      | Reached skill level 10 in Shields
  7454 | D:9      | Noticed a two-headed ogre
  7458 | D:9      | Killed a two-headed ogre
  7573 | D:9      | Found a staircase to the Lair.
  7631 | D:9      | Found a burning altar of Makhleb.
  7790 | D:4      | Killed abdbla's ghost
  7966 | D:10     | Entered Level 10 of the Dungeon
  8192 | D:10     | Reached skill level 10 in Armour
  8235 | D:10     | Noticed a necromancer
  8255 | D:10     | Killed a necromancer
  8255 | D:10     | Reached ***** piety under Okawaru
  8490 | D:10     | Received a gift from Okawaru
  8948 | D:10     | Reached XP level 11. HP: 95/95 MP: 10/10
 10021 | D:11     | Noticed a four-headed hydra
 10127 | Lair:1   | Entered Level 1 of the Lair of Beasts
 11550 | D:11     | Received a gift from Okawaru
 11621 | D:11     | Killed a one-headed hydra
 11621 | D:11     | Reached skill level 1 in Evocations
 12042 | D:11     | Found a staircase to the Orcish Mines.
 12091 | D:11     | Found a roughly hewn altar of Beogh.
 12853 | D:12     | Killed an unseen horror
 13015 | D:12     | Reached XP level 12. HP: 97/106 MP: 11/11
 13089 | D:12     | Found a snail-covered altar of Cheibriados.
 13554 | D:9      | Reached skill level 10 in Fighting
 13975 | D:9      | Bought a scroll of fog for 28 gold pieces
 13975 | D:9      | Bought a scroll of enchant weapon for 105 gold pieces
 13975 | D:9      | Bought a scroll of enchant armour for 105 gold pieces
 13975 | D:9      | Bought a scroll of identify for 28 gold pieces
 13975 | D:9      | Bought a scroll of random uselessness for 14 gold pieces
 13979 | D:9      | Bought a scroll of identify for 28 gold pieces
 13979 | D:9      | Bought a scroll of identify for 28 gold pieces
 13982 | D:9      | Identified a scroll of acquirement
 14058 | Lair:2   | Received a gift from Okawaru
 14085 | Lair:2   | Found a labyrinth entrance.
 14119 | Lab      | Entered a labyrinth
 14385 | Lab      | Noticed a minotaur
 14406 | Lab      | Killed a minotaur
 14845 | Lab      | Identified the Catalogue of Lucky Snow
 14845 | Lab      | Identified the Collected Works on Heat and the Frostbite
 14982 | Lair:2   | Noticed a six-headed hydra
 14992 | Lair:2   | Killed a two-headed hydra
 15573 | Lair:2   | Reached ****** piety under Okawaru
 15702 | Lair:3   | Received a gift from Okawaru
 15845 | Lair:3   | Noticed a six-headed hydra
 16091 | Lair:3   | Killed a one-headed hydra
 16221 | Lair:3   | Found a staircase to the Snake Pit.
 16645 | Lair:4   | Found a dark tunnel.
 16651 | Volcano  | Entered a volcano
 16965 | Volcano  | Reached XP level 13. HP: 53/115 MP: 13/13
 17291 | Volcano  | Received a gift from Okawaru
 18086 | Lair:4   | Reached skill level 1 in Invocations
 18418 | Lair:4   | Noticed an entropy weaver
 18909 | Lair:4   | Found a staircase to the Shoals.
 18945 | Lair:4   | Killed an entropy weaver
 19209 | Lair:4   | Noticed an entropy weaver
 19235 | Lair:4   | Killed an entropy weaver
 20464 | Lair:5   | Noticed Snorg
 20471 | Lair:5   | Killed Snorg
 20772 | Lair:5   | Received a gift from Okawaru
 20874 | Lair:5   | Noticed Rupert
 20886 | Lair:5   | Killed Rupert
 20886 | Lair:5   | Reached skill level 5 in Dodging
 21284 | Lair:6   | Entered Level 6 of the Lair of Beasts
 21528 | Lair:6   | Received a gift from Okawaru
 21628 | Lair:6   | Reached XP level 14. HP: 59/127 MP: 14/14
 21654 | Lair:6   | Reached skill level 15 in Long Blades
 21993 | Lair:6   | Reached skill level 15 in Shields
 22041 | Lair:6   | Found a staircase to the Slime Pits.
 22042 | Lair:6   | Found a viscous altar of Jiyva.
 23679 | D:13     | Noticed Frances
 23766 | D:13     | Received a gift from Okawaru
 23805 | D:13     | HP: 5/129 [skeletal warrior/glaive[a death knight] (9)]
 24704 | D:13     | Got a faintly glowing amethyst amulet
 24711 | D:13     | Identified the amulet "Gyts" {Harm *Corrode *Drain Int+6}
                  | (You found it on level 13 of the Dungeon)
 24770 | D:13     | Killed Frances
 24896 | D:13     | Reached skill level 15 in Armour
 25352 | Orc:1    | Entered Level 1 of the Orcish Mines
 25438 | Orc:1    | Noticed Josephine
 25461 | Orc:1    | Killed Josephine
 25461 | Orc:1    | Received a gift from Okawaru
 25484 | Orc:1    | Gained mutation: You are frail. (-10% HP) [mutagenic glow]
 25506 | Orc:1    | Found Vuar Hio's Armour Shoppe.
 25514 | Orc:1    | Bought the +0 pair of fencer's gloves {+Riposte Dex+3} for
                  | 480 gold pieces
 25514 | Orc:1    | Found the +0 pair of fencer's gloves {+Riposte Dex+3}
 25547 | Orc:1    | Gained mutation: You are clumsy. (Dex -2) [mutagenic glow]
 25853 | Orc:2    | Entered Level 2 of the Orcish Mines
 25853 | Orc:2    | Found a staircase to the Elven Halls.
 25853 | Orc:2    | Found Naefoz's Antique Armour Boutique.
 25853 | Orc:2    | Noticed an orc warlord
 26268 | Orc:1    | Killed an orc warlord
 26522 | Orc:1    | Received a gift from Okawaru
 26525 | Orc:1    | Got a scorched trident {god gift}
 26526 | Orc:1    | Identified the +8 trident of Okawaru's Condemnation
                  | {pierce, Str+4 SInv} (Okawaru gifted it to you on level 1
                  | of the Orcish Mines)
 27027 | Orc:1    | Reached XP level 15. HP: 60/123 MP: 12/15
 27755 | Orc:2    | Received a gift from Okawaru
 27776 | Orc:2    | Bought a shiny shield for 195 gold pieces
 27863 | Orc:2    | Found Hacas's Antique Weapon Shoppe.
 27864 | Orc:2    | Found Iteadec's Jewellery Shoppe.
 27875 | Orc:2    | Found Teeroefoh's Assorted Antiques.
 27884 | Orc:2    | Found Balohi's Distillery.
 28661 | Orc:2    | Bought the ring of Kojankaf {rPois Str+2 Dex+2} for 460
                  | gold pieces
 28674 | Orc:2    | Bought a smoky golden potion for 27 gold pieces
 28674 | Orc:2    | Bought a puce potion for 27 gold pieces
 28674 | Orc:2    | Bought a murky sapphire potion for 27 gold pieces
 28977 | Orc:2    | Bought a scroll labeled JOBOAF ZEPUI for 31 gold pieces
 28986 | Orc:2    | Bought a potion of heal wounds for 70 gold pieces
 29365 | D:14     | Found a glowing silver altar of Zin.
 29394 | D:14     | Found a burning altar of Makhleb.
 29516 | D:14     | Found a gate to the Vaults.
 30115 | D:14     | Found Dinik's Armour Boutique.
 30218 | D:15     | Entered Level 15 of the Dungeon
 30235 | D:15     | Found Zomme's Distillery.
 30773 | D:15     | Found a hide-covered altar of Uskayaw.
 31031 | D:15     | Got an ancient spear
 31032 | D:15     | Identified the +5 spear "Peusiuvvu" {elec, rF+ MR+} (You
                  | found it on level 15 of the Dungeon)
 31307 | D:15     | Found a staircase to the Depths.
 31328 | D:15     | Received a gift from Okawaru
 32431 | Shoals:1 | Entered Level 1 of the Shoals
 32642 | Shoals:1 | Received a gift from Okawaru
 33660 | Shoals:1 | Received a gift from Okawaru
 34041 | Shoals:1 | Reached XP level 16. HP: 132/132 MP: 16/16
 34402 | Shoals:2 | HP: 2/132 [drowned by a drowned soul[a merfolk avatar] (9)]
 34408 | Shoals:2 | HP: 6/132 [drowned by a drowned soul[a merfolk avatar]
                  | (17)]
 34930 | Shoals:2 | Reached skill level 15 in Fighting
 35640 | Shoals:2 | Found Rutic's Gadget Shoppe.
 36144 | Snake:1  | Entered Level 1 of the Snake Pit
 36406 | Snake:1  | Found Alint's Weapon Boutique.
 36492 | Snake:1  | Got an ivory morningstar
 36493 | Snake:1  | Identified the cursed +1 morningstar of the Shrike
                  | {antimagic, MP+9 Int+4 Dex-3} (You found it on level 1 of
                  | the Snake Pit)
 36770 | Snake:1  | Received a gift from Okawaru
 37777 | Snake:2  | Found a runed gate.
 37777 | Snake:2  | Found a runed gate.
 37777 | Snake:2  | Found a runed gate.
 37777 | Snake:2  | Noticed Engiveno's ghost (journeyman MiBe)
 37777 | Snake:2  | Noticed Alamadd's ghost (journeyman HOAK)
 37778 | Snake:2  | Noticed Xedigg's ghost (adept GrFE)
 37780 | Snake:2  | Found the ring of Robustness {AC+8}
 37806 | Snake:2  | Killed Engiveno's ghost
 37822 | Snake:2  | Killed Xedigg's ghost
 37832 | Snake:2  | Killed Alamadd's ghost
 37832 | Snake:2  | Received a gift from Okawaru
 37845 | Snake:2  | Got a pair of fine gloves
 37847 | Snake:2  | Got a wavering lead ring
 37871 | Snake:2  | Identified the +1 pair of gloves of the Sacrificial Victim
                  | {rCorr} (You found it on level 2 of the Snake Pit)
 37882 | Snake:2  | Identified the ring of Discord {rF+ rN+ Dex+3 Stlth-} (You
                  | found it on level 2 of the Snake Pit)
 39236 | Snake:3  | Reached XP level 17. HP: 132/142 MP: 18/18
 40070 | Snake:4  | Entered Level 4 of the Snake Pit
 40096 | Snake:4  | Received a gift from Okawaru
 41840 | Shoals:4 | Entered Level 4 of the Shoals
 43071 | Shoals:4 | Received a gift from Okawaru
 43087 | Shoals:4 | Got an encrusted crystal plate armour {god gift}
 43125 | Shoals:3 | Identified the +14 crystal plate armour "Obameppa" {rElec
                  | Str+2 Dex+2} (Okawaru gifted it to you on level 4 of the
                  | Shoals)
 43199 | Shoals:4 | Got a bloodstained spear
 44199 | Shoals:4 | Got a barnacled rune of Zot
 44769 | Lair:1   | Identified the +12 spear of Disharmony {pierce, +Inv MR-
                  | Dex+7} (You found it on level 4 of the Shoals)
 45253 | Snake:4  | Received a gift from Okawaru
 45900 | Snake:4  | Reached XP level 18. HP: 145/153 MP: 19/19
 46247 | Snake:4  | Received a gift from Okawaru
 46371 | Snake:4  | Got a jewelled great mace {pain}
 46372 | Snake:4  | Identified the +4 great mace "Inackipu" {pain, -Tele *Drain
                  | Int+9 Dex+2} (You took it off a nagaraja on level 4 of the
                  | Snake Pit)
 46752 | Snake:4  | Got a serpentine rune of Zot
 47535 | D:14     | Bought the +2 pair of boots of the Assassin {Detection
                  | Stab+ Stlth++} for 780 gold pieces
 47535 | D:14     | Found the +2 pair of boots of the Assassin {Detection Stab+
                  | Stlth++}
 47699 | Elf:1    | Entered Level 1 of the Elven Halls
 48552 | Elf:2    | Received a gift from Okawaru
 48556 | Elf:2    | Got a bloodstained demon blade {god gift}
 48568 | Elf:2    | Identified the +1 demon blade of Qiax {pain, rElec rC+}
                  | (Okawaru gifted it to you on level 2 of the Elven Halls)
 48955 | Elf:2    | Found a runed gate.
 48955 | Elf:2    | Found a runed gate.
 48955 | Elf:2    | Found a runed gate.
 49164 | Elf:2    | Noticed Agnes
 49181 | Elf:2    | Killed Agnes
 49398 | Elf:2    | Received a gift from Okawaru
 49430 | Elf:2    | Noticed Azrael
 49446 | Elf:2    | Killed Azrael
 49964 | Elf:3    | Entered Level 3 of the Elven Halls
 49976 | Elf:3    | Noticed Louise
 49993 | Elf:3    | Killed Louise
 49993 | Elf:3    | Reached XP level 19. HP: 162/162 MP: 20/20
 50027 | Elf:3    | Found a runed gate.
 50027 | Elf:3    | Found a runed gate.
 50027 | Elf:3    | Found a runed gate.
 50085 | Elf:3    | Noticed LiquoriceLizzard's ghost (adept DDFi)
 50086 | Elf:3    | Noticed Cykl0x's ghost (adept GrFi)
 50086 | Elf:3    | Noticed twirl's ghost (adept MiBe)
 50126 | Elf:3    | Killed LiquoriceLizzard's ghost
 50135 | Elf:3    | Killed Cykl0x's ghost
 50143 | Elf:3    | Killed twirl's ghost
 50468 | Elf:3    | Got a bloodstained cloak
 50479 | Elf:3    | Identified the cursed +0 cloak "Idoedd" {rPois rC+ Int+4}
                  | (You found it on level 3 of the Elven Halls)
 50752 | Elf:3    | Noticed Nikola
 50762 | Elf:3    | Killed Nikola
 50762 | Elf:3    | Received a gift from Okawaru
 50834 | Elf:3    | Noticed Roxanne
 50865 | Elf:3    | Killed Roxanne
 51165 | Elf:3    | Got a transparent battleaxe
 51166 | Elf:3    | Identified the +0 battleaxe of Kismet {chop, Str+3} (You
                  | found it on level 3 of the Elven Halls)
 51685 | Elf:3    | Received a gift from Okawaru
 52226 | Elf:3    | Got a vibrating jade ring
 52234 | Elf:3    | Identified the ring of Secrets {rF+ rN+ Int+4 Stlth+} (You
                  | took it off a deep elf demonologist on level 3 of the Elven
                  | Halls)
 52309 | Elf:3    | Noticed a Tzitzimitl
 52864 | Elf:3    | Got a shimmering bronze ring
 53094 | Elf:3    | Got jewelled gold dragon scales
 53105 | Elf:3    | Identified the +12 gold dragon scales of Kikubaaqudgha's
                  | Fury {rPois rF+ rC+ Int+4} (You found it on level 3 of the
                  | Elven Halls)
 53116 | Elf:3    | Found the +6 arbalest "Damnation" {damnation}
 53147 | Elf:3    | Got a clouded amethyst amulet
 53148 | Elf:3    | Identified the amulet "Midghon" {Inacc *Contam rC++ Dex+4}
                  | (You found it on level 3 of the Elven Halls)
 53152 | Elf:3    | Identified the ring of Vedoeliq {+Fly rPois Str+2 Int+2
                  | Dex+2} (You took it off a deep elf master archer on level 3
                  | of the Elven Halls)
 54340 | Vaults:1 | Entered Level 1 of the Vaults
 54740 | Vaults:1 | Reached XP level 20. HP: 171/171 MP: 21/21
 54762 | Vaults:1 | Received a gift from Okawaru
 55344 | Vaults:1 | Found Yvimifui's Assorted Antiques.
 55351 | Vaults:1 | Bought a scroll labeled XOVVOKH NOYSENN for 34 gold pieces
 55351 | Vaults:1 | Bought a scroll of teleportation for 102 gold pieces
 55839 | Vaults:2 | Received a gift from Okawaru
 56246 | Vaults:2 | Noticed Xtahua
 56253 | Vaults:2 | Killed Xtahua
 56482 | Vaults:2 | Noticed Frederick
 56493 | Vaults:2 | Killed Frederick
 56493 | Vaults:2 | Received a gift from Okawaru
 57038 | Vaults:2 | Found a staircase to the Crypt.
 57038 | Vaults:2 | Found an ancient bone altar of Kikubaaqudgha.
 57039 | Vaults:2 | Found a basalt altar of Yredelemnul.
 57365 | Vaults:3 | Cast into level 3 of the Abyss (vault warden)
 57600 | Abyss:3  | Received a gift from Okawaru
 57656 | Vaults:3 | Escaped the Abyss
 57658 | Vaults:3 | Reached XP level 21. HP: 155/181 MP: 22/22
 58145 | Vaults:3 | Received a gift from Okawaru
 58521 | Vaults:3 | Found Vecot's Jewellery Boutique.
 58541 | Vaults:3 | Bought the ring "Luaceh" {Str+8 Int-5 Dex+3} for 319 gold
                  | pieces
 58826 | Vaults:4 | Found a magical portal.
 58838 | WizLab   | Entered Lehudib's Moon Base
 59532 | WizLab   | Paralysed by accursed screaming for 1 turns
 60128 | WizLab   | Received a gift from Okawaru
 60446 | WizLab   | Found a transporter.
 61094 | WizLab   | Identified Lehudib's Disquisition on Earth
 61122 | WizLab   | Found a transporter.
 61149 | WizLab   | Got a pair of shimmering boots
 61160 | WizLab   | Identified the +2 pair of boots "Ostraez" {rPois rN+} (You
                  | found it in a wizard's laboratory)
 61191 | WizLab   | Got a scorched falchion
 61192 | WizLab   | Identified the +4 falchion of Guplex {protect, MP+9} (You
                  | found it in a wizard's laboratory)
 61263 | Vaults:4 | Reached XP level 22. HP: 185/191 MP: 13/23
 62444 | Vaults:4 | Found Ajuobets's Gadget Emporium.
 62680 | Vaults:4 | Found Tarchun's General Store.
 63451 | Vaults:5 | Entered Level 5 of the Vaults
 63619 | Vaults:4 | Received a gift from Okawaru
 64191 | Vaults:5 | Noticed an ancient lich
 64196 | Vaults:5 | Noticed a golden dragon
 64203 | Vaults:5 | Killed an ancient lich
 64366 | Vaults:5 | Killed a golden dragon
 64693 | Vaults:5 | Received a gift from Okawaru
 65033 | Vaults:5 | Paralysed by a great orb of eyes for 4 turns
 65052 | Vaults:5 | Noticed a golden dragon
 65064 | Vaults:5 | Killed a golden dragon
 65087 | Vaults:5 | Noticed a golden dragon
 65099 | Vaults:5 | Killed a golden dragon
 65130 | Vaults:5 | Reached XP level 23. HP: 126/201 MP: 24/24
 65144 | Vaults:5 | Received a gift from Okawaru
 65978 | Vaults:5 | Received a gift from Okawaru
 66215 | Vaults:5 | Reached skill level 27 in Shields
 67809 | Vaults:5 | Found Vofym's Armour Shoppe.
 68009 | Vaults:5 | Got a silver rune of Zot
 68306 | Crypt:1  | Entered Level 1 of the Crypt
 68504 | Crypt:1  | Found the macabre finger necklace {rN+}
 68549 | Crypt:1  | Paralysed by a vampire knight for 4 turns
 68829 | Crypt:1  | Received a gift from Okawaru
 69577 | Crypt:2  | Noticed Saint Roka
 69600 | Crypt:2  | Killed Saint Roka
 69913 | Crypt:2  | Noticed Mennas
 69941 | Crypt:2  | Killed Mennas
 70047 | Crypt:2  | Noticed Donald
 70061 | Crypt:2  | Killed Donald
 70941 | Crypt:2  | Noticed Sojobo
 70977 | Crypt:2  | Received a gift from Okawaru
 71020 | Crypt:2  | Killed Sojobo
 71020 | Crypt:2  | Reached XP level 24. HP: 91/213 MP: 24/24
 71407 | Crypt:2  | Got a spiked shield {god gift}
 71418 | Crypt:2  | Identified the -3 shield "Aracodiwi" {Dex+4} (Okawaru
                  | gifted it to you on level 2 of the Crypt)
 71499 | Crypt:2  | Found the +9 sword of Zonguldrok {reap}
 71569 | Crypt:3  | Entered Level 3 of the Crypt
 71847 | Crypt:3  | Noticed an ancient lich
 71862 | Crypt:3  | Killed an ancient lich
 71876 | Crypt:3  | Found an ancient bone altar of Kikubaaqudgha.
 71913 | Crypt:3  | Found the +8 lance "Wyrmbane" {slay drac, rPois rF+ rC+
                  | AC+3}
 71988 | Crypt:3  | Found a staircase to the Tomb.
 72191 | Crypt:3  | Received a gift from Okawaru
 72245 | Crypt:3  | Got a sparkling turquoise ring
 72245 | Crypt:3  | Got a smoking tin ring
 72245 | Crypt:3  | Got a flickering turquoise ring
 72268 | Crypt:3  | Identified the ring "Eqaps" {rF+ rC- rN+ Dex+6} (You found
                  | it on level 3 of the Crypt)
 72270 | Crypt:3  | Identified the ring "Viampine" {rC+ rN+ Str+3 Int-3} (You
                  | found it on level 3 of the Crypt)
 72272 | Crypt:3  | Identified the ring "Tuliub" {*Slow rElec rPois rN+ Int+2}
                  | (You found it on level 3 of the Crypt)
 72886 | Depths:1 | Entered Level 1 of the Depths
 73384 | Depths:1 | Found Reifuukk's Assorted Antiques.
 73384 | Depths:1 | Found Gigip's Armour Boutique.
 73389 | Depths:1 | Found Podibb's Distillery.
 73399 | Depths:1 | Bought a +1 pair of boots of flying for 346 gold pieces
 73401 | Depths:1 | Bought a potion of might for 72 gold pieces
 73405 | Depths:1 | Bought a scroll of teleportation for 99 gold pieces
 73464 | Depths:1 | Found a gateway to Hell.
 73862 | Depths:1 | Received a gift from Okawaru
 74104 | Depths:1 | Found a gateway to a ziggurat.
 74417 | Depths:2 | Paralysed by a vampire knight for 6 turns
 74791 | Depths:2 | Reached XP level 25. HP: 225/225 MP: 24/24
 75829 | Depths:2 | Found a runed door.
 76389 | Depths:2 | Received a gift from Okawaru
 76412 | Depths:2 | Noticed a juggernaut
 76414 | Depths:2 | Found the +8 autumn katana {slice, Clar}
 76431 | Depths:2 | Killed a juggernaut
 76655 | Depths:2 | Got an ancient spear
 76656 | Depths:2 | Identified the +4 spear of Fate {pain, rC++ Str-5 Dex+6}
                  | (You found it on level 2 of the Depths)
 77214 | Depths:2 | Got a translucent amethyst amulet
 77215 | Depths:2 | Identified the amulet "Utzounath" {Spirit rElec rPois
                  | Int+3} (You found it on level 2 of the Depths)
 77300 | Depths:3 | Found an ancient bone altar of Kikubaaqudgha.
 77504 | Depths:3 | Identified Dade's Handbook of Ashen Beguiling
 77758 | Depths:3 | Found a burning altar of Makhleb.
 77776 | Depths:3 | Found a runed door.
 77809 | Depths:3 | Received a gift from Okawaru
 77941 | Depths:3 | Found the +7 Spriggan's Knife {MR+ EV+4 Dex+4 Stlth+}
 78076 | Depths:3 | Found a one-way gate to the infinite horrors of the Abyss.
 78313 | Depths:3 | Received a gift from Okawaru
 78323 | Depths:3 | Reached XP level 26. HP: 112/237 MP: 24/24
 79599 | Depths:3 | Reached skill level 27 in Fighting
 79866 | Depths:3 | Found a one-way gate leading to the halls of Pandemonium.
 80105 | Depths:3 | Received a gift from Okawaru
 80251 | Depths:4 | Reached skill level 27 in Long Blades
 80650 | Depths:4 | Noticed a juggernaut
 80660 | Depths:4 | Received a gift from Okawaru
 80681 | Depths:4 | Killed a juggernaut
 80685 | Depths:4 | Killed a ghostly juggernaut
 82729 | Depths:5 | Entered Level 5 of the Depths
 82735 | Depths:5 | Noticed a juggernaut
 82929 | Depths:4 | Killed a juggernaut
 82929 | Depths:4 | Received a gift from Okawaru
 82929 | Depths:4 | Reached XP level 27. HP: 222/245 MP: 24/24
 82946 | Depths:4 | Got a brightly glowing large shield {god gift}
 82957 | Depths:4 | Identified the +4 large shield of Parts Unknown {Regen+
                  | Int+3} (Okawaru gifted it to you on level 4 of the Depths)
 84160 | Depths:5 | Found a gate to the Realm of Zot.
 84718 | Lair:1   | Lost intelligence.
 85061 | Slime:1  | Entered Level 1 of the Pits of Slime
 85685 | Slime:4  | Gained mutation: You are dopey. (Int -2) [a shining eye]
 85692 | Slime:4  | Gained mutation: Your body sometimes deteriorates upon
                  | taking damage. [a shining eye]
 85730 | Slime:4  | Received a gift from Okawaru
 85732 | Slime:4  | Reached skill level 27 in Armour
 85870 | Slime:5  | Entered Level 5 of the Pits of Slime
 85893 | Slime:5  | Gained mutation: You are very frail. (-20% HP) [a shining
                  | eye]
 85911 | Slime:5  | Noticed the Royal Jelly
 86905 | Slime:5  | Gained mutation: You are extremely frail. (-30% HP) [a
                  | shining eye]
 86909 | Slime:4  | Reached skill level 5 in Invocations
 87061 | Slime:5  | Reached skill level 5 in Stealth
 87667 | Slime:5  | Found a viscous altar of Jiyva.
 87706 | Slime:5  | Received a gift from Okawaru
 88672 | Slime:5  | Got a scorched cloak {god gift}
 88677 | Slime:5  | Identified the +1 cloak "Juretaid" {rF++ rCorr Slay+5}
                  | (Okawaru gifted it to you on level 5 of the Pits of Slime)
 88832 | Slime:5  | Killed the Royal Jelly
 90055 | Slime:5  | Got a slimy ruby amulet
 90057 | Slime:5  | Got a slimy rune of Zot
 90058 | Slime:5  | Identified the amulet "Lyggougi" {Inacc rF+ Int+2} (You
                  | found it on level 5 of the Pits of Slime)
 90072 | Slime:5  | Got a pair of pitted boots
 90193 | Slime:5  | Identified the Papyrus of the Mutagenic Mountains
 90587 | Lair:1   | Identified the +1 pair of boots of Makhleb's Generosity
                  | {rElec} (You found it on level 5 of the Pits of Slime)
 90728 | Lair:1   | Lost mutation: Your body sometimes deteriorates upon taking
                  | damage. [potion of mutation]
 90728 | Lair:1   | Lost mutation: You are dopey. (Int -2) [potion of mutation]
 90728 | Lair:1   | Lost mutation: You are extremely frail. (-30% HP) [potion
                  | of mutation]
 90728 | Lair:1   | Gained mutation: You are partially covered in yellow
                  | scales. (AC +2) [potion of mutation]
 90729 | Lair:1   | Lost mutation: You are very frail. (-20% HP) [potion of
                  | mutation]
 90729 | Lair:1   | Lost mutation: You are partially covered in yellow scales.
                  | (AC +2) [potion of mutation]
 90729 | Lair:1   | Gained mutation: You are occasionally teleported next to
                  | monsters. [potion of mutation]
 90729 | Lair:1   | Gained mutation: Your natural rate of healing is unusually
                  | fast. [potion of mutation]
 90729 | Lair:1   | Gained mutation: You are very frail. (-20% HP) [potion of
                  | mutation]
 90729 | Lair:1   | Gained mutation: You have an increased reservoir of magic.
                  | (+10% MP) [potion of mutation]
 90741 | Lair:1   | Lost mutation: You are very frail. (-20% HP) [potion of
                  | mutation]
 90741 | Lair:1   | Lost mutation: You are occasionally teleported next to
                  | monsters. [potion of mutation]
 90741 | Lair:1   | Lost mutation: Your natural rate of healing is unusually
                  | fast. [potion of mutation]
 90741 | Lair:1   | Gained mutation: You have large cloven feet. [potion of
                  | mutation]
 90741 | Lair:1   | Lost mutation: You are frail. (-10% HP) [potion of
                  | mutation]
 90741 | Lair:1   | Gained mutation: Armour fits poorly on your strangely
                  | shaped body. [potion of mutation]
 90741 | Lair:1   | Gained mutation: You have a pair of large horns on your
                  | head. [potion of mutation]
 90742 | Lair:1   | Lost mutation: You are clumsy. (Dex -2) [potion of
                  | mutation]
 90742 | Lair:1   | Lost mutation: You have a pair of large horns on your head.
                  | [potion of mutation]
 90742 | Lair:1   | Gained mutation: Your flesh is cold resistant. (rC+)
                  | [potion of mutation]
 90742 | Lair:1   | Gained mutation: Your flesh is very cold resistant. (rC++)
                  | [potion of mutation]
 90742 | Lair:1   | Gained mutation: You have a pair of large horns on your
                  | head. [potion of mutation]
 90743 | Lair:1   | Lost mutation: You have a pair of large horns on your head.
                  | [potion of mutation]
 90743 | Lair:1   | Lost mutation: Armour fits poorly on your strangely shaped
                  | body. [potion of mutation]
 90743 | Lair:1   | Lost mutation: You have large cloven feet. [potion of
                  | mutation]
 90743 | Lair:1   | Gained mutation: You are frail. (-10% HP) [potion of
                  | mutation]
 90743 | Lair:1   | Gained mutation: You have large cloven feet. [potion of
                  | mutation]
 90743 | Lair:1   | Gained mutation: You are agile. (Dex +2) [potion of
                  | mutation]
 90744 | Lair:1   | Lost mutation: Your flesh is very cold resistant. (rC++)
                  | [potion of mutation]
 90744 | Lair:1   | Lost mutation: You are agile. (Dex +2) [potion of mutation]
 90744 | Lair:1   | Gained mutation: Your mind is acute. (Int +2) [potion of
                  | mutation]
 90745 | Lair:1   | Lost mutation: You are frail. (-10% HP) [potion of
                  | mutation]
 90745 | Lair:1   | Lost mutation: Your flesh is cold resistant. (rC+) [potion
                  | of mutation]
 90745 | Lair:1   | Lost mutation: Your mind is acute. (Int +2) [potion of
                  | mutation]
 90745 | Lair:1   | Gained mutation: Scrolls take you a little longer to read.
                  | [potion of mutation]
 90745 | Lair:1   | Gained mutation: You have hoof-like feet. [potion of
                  | mutation]
 90745 | Lair:1   | Gained mutation: Your spells are a little harder to cast,
                  | but a little more powerful. [potion of mutation]
 91882 | Orc:2    | Bought a scroll of enchant weapon for 232 gold pieces
 91887 | Orc:2    | Bought a potion of haste for 140 gold pieces
 92168 | Zot:1    | Entered Level 1 of the Realm of Zot
 92434 | Zot:1    | Reached skill level 10 in Invocations
 92658 | Zot:1    | Received a gift from Okawaru
 92805 | Zot:1    | Got a translucent short sword {god gift}
 92806 | Zot:1    | Identified the +5 short sword "Ytavaz" {drain, *Corrode MR+
                  | MP+9 Stlth+} (Okawaru gifted it to you on level 1 of the
                  | Realm of Zot)
 93650 | Zot:2    | Received a gift from Okawaru
 93893 | Zot:2    | Reached skill level 15 in Invocations
 95606 | Zot:3    | Received a gift from Okawaru
 95727 | Zot:3    | Got scorched ice dragon scales {god gift}
 95734 | Zot:3    | Identified the +9 ice dragon scales "Galom" {rF- rC++ rN+}
                  | (Okawaru gifted it to you on level 3 of the Realm of Zot)
 98234 | Zot:4    | Reached skill level 5 in Evocations
 98236 | Zot:4    | Received a gift from Okawaru
 98757 | Hell     | Entered the Vestibule of Hell
 98757 | Hell     | Noticed Geryon
 98968 | Hell     | Received a gift from Okawaru
 99550 | Hell     | Killed Geryon
 99633 | Hell     | Found a gateway to the Iron City of Dis.
 99684 | Hell     | Found a gateway to the freezing wastes of Cocytus.
 99785 | Hell     | Found a gateway to the decaying netherworld of Tartarus.
 99855 | Hell     | Found a gateway to the ashen valley of Gehenna.
100224 | Depths:4 | Voluntarily entered the Abyss.
100474 | Abyss:1  | Noticed an ancient lich
100484 | Abyss:1  | Killed an ancient lich
100718 | Abyss:2  | Received a gift from Okawaru
100942 | Abyss:3  | Found a hazy altar of Hepliaklqana.
101108 | Abyss:4  | Found a corrupted altar of Lugonu.
101256 | Abyss:4  | Lost intelligence.
101416 | Abyss:4  | Received a gift from Okawaru
101518 | Abyss:4  | Lost intelligence.
101622 | Abyss:4  | Paralysed by accursed screaming for 2 turns
101635 | Abyss:4  | Found an opulent altar of Gozag.
101666 | Abyss:4  | Found an opulent altar of Gozag.
101861 | Abyss:4  | Received a gift from Okawaru
101915 | Abyss:4  | Paralysed by accursed screaming for 1 turns
101918 | Abyss:4  | Paralysed by accursed screaming for 1 turns
101934 | Abyss:4  | Found a corrupted altar of Lugonu.
102016 | Abyss:4  | Gained mutation: You are partially covered in rugged brown
                  | scales. (AC +1, +3% HP) [a neqoxec]
102243 | Abyss:4  | Received a gift from Okawaru
102248 | Abyss:4  | Got a brightly glowing short sword {god gift}
102434 | Abyss:4  | Found a corrupted altar of Lugonu.
102453 | Abyss:5  | Entered Level 5 of the Abyss
102485 | Abyss:5  | Lost intelligence.
102731 | Abyss:5  | Gained mutation: You occasionally shout uncontrollably at
                  | your foes. [a neqoxec]
102803 | Depths:4 | Escaped the Abyss
103365 | Lair:1   | Identified the +9 short sword of Lamavuri {flame, rC+ MR-
                  | Dex+8 SInv} (Okawaru gifted it to you on level 4 of the
                  | Abyss)
103379 | Lair:1   | Identified a +0 pair of boots of running (Okawaru gifted it
                  | to you in the Vestibule of Hell)
103640 | Lair:1   | Got a twitching bronze ring
103642 | Lair:1   | Identified the ring "Casotzuq" {*Slow MR- AC+2 Str+4 Dex+2}
                  | (You acquired it on level 1 of the Lair of Beasts)
104133 | Tomb:1   | Entered Level 1 of the Tomb of the Ancients
104178 | Tomb:1   | Received a gift from Okawaru
105000 | Tomb:1   | Noticed a greater mummy
105002 | Tomb:1   | Noticed a greater mummy
105002 | Tomb:1   | Noticed a greater mummy
105471 | Tomb:1   | Killed a greater mummy
106077 | Tomb:1   | Killed a greater mummy
106081 | Tomb:1   | Killed a greater mummy
107198 | Crypt:3  | Received a gift from Okawaru
107581 | Zot:5    | Entered Level 5 of the Realm of Zot
107727 | Zot:5    | Noticed an ancient lich
107739 | Zot:5    | Killed an ancient lich
107823 | Zot:5    | Got a translucent copper ring
107825 | Zot:5    | Identified the ring "Iretz" {Wiz MR+} (You acquired it on
                  | level 5 of the Realm of Zot)
107830 | Zot:5    | Got a scorched jade ring
107832 | Zot:5    | Identified the ring "Baotaid" {rC- Int+4 Stlth+} (You
                  | acquired it on level 5 of the Realm of Zot)
108416 | Zot:5    | Noticed an ancient lich
108424 | Zot:5    | Killed an ancient lich
108445 | Zot:5    | Received a gift from Okawaru
108466 | Zot:5    | Noticed an ancient lich
108472 | Zot:5    | Killed an ancient lich
108494 | Zot:5    | Noticed an ancient lich
108500 | Zot:5    | Killed an ancient lich
108604 | Zot:5    | Noticed an ancient lich
108611 | Zot:5    | Killed an ancient lich
108767 | Zot:5    | Noticed an orb of fire
108770 | Zot:5    | Gained mutation: You are weak. (Str -2) [an orb of fire]
108780 | Zot:5    | Killed an orb of fire
108817 | Zot:5    | Noticed an ancient lich
108824 | Zot:5    | Killed an ancient lich
108824 | Zot:5    | Received a gift from Okawaru
108825 | Zot:5    | Found the +10 zealot's sword {holy, *Rage rN+ EV+3}
109041 | Zot:5    | Noticed an orb of fire
109051 | Zot:5    | Killed an orb of fire
109063 | Zot:5    | Noticed an ancient lich
109070 | Zot:5    | Killed an ancient lich
109070 | Zot:5    | Reached skill level 10 in Evocations
109421 | Zot:5    | Received a gift from Okawaru
109423 | Zot:5    | Noticed an orb of fire
109423 | Zot:5    | Noticed an orb of fire
109429 | Zot:5    | Gained mutation: Your movements are slightly less
                  | encumbered by armour. (ER -2) [an orb of fire]
109433 | Zot:5    | Killed an orb of fire
109435 | Zot:5    | Gained mutation: You tend to lose your temper in combat.
                  | [an orb of fire]
109442 | Zot:5    | Killed an orb of fire
109691 | Zot:5    | Reached skill level 10 in Stealth
109712 | Zot:5    | Noticed an ancient lich
109729 | Zot:5    | Killed an ancient lich
110275 | Depths:4 | Voluntarily entered the Abyss.
110290 | Abyss:1  | Received a gift from Okawaru
110291 | Abyss:1  | Paralysed by accursed screaming for 1 turns
110459 | Abyss:1  | Reached skill level 27 in Invocations
110509 | Depths:4 | Escaped the Abyss
110929 | Depths:4 | Voluntarily entered the Abyss.
111025 | Abyss:1  | Paralysed by accursed screaming for 1 turns
111039 | Abyss:1  | Paralysed by accursed screaming for 1 turns
111086 | Depths:4 | Escaped the Abyss
111327 | Depths:1 | Bought a scroll of enchant weapon for 247 gold pieces
111327 | Depths:1 | Bought a scroll of magic mapping for 115 gold pieces
111333 | Depths:1 | Bought a potion of might for 72 gold pieces
111333 | Depths:1 | Bought 2 potions of agility for 144 gold pieces
111660 | Shoals:2 | Bought a wand of digging (9) for 468 gold pieces
111707 | Shoals:2 | You fall through a shaft!
112954 | Lair:4   | You fall through a shaft for 2 floors!
113412 | Crypt:1  | You fall through a shaft!
114684 | Pan      | Entered Pandemonium
114750 | Pan      | Gained mutation: You are frail. (-10% HP) [a cacodemon]
114998 | Pan      | Noticed Othyokhy the pandemonium lord
115017 | Pan      | Killed Othyokhy the pandemonium lord
115017 | Pan      | Received a gift from Okawaru
116104 | Pan      | Lost mutation: You have an increased reservoir of magic.
                  | (+10% MP) [a neqoxec]
116107 | Pan      | Gained mutation: You often lose your temper in combat. [a
                  | neqoxec]
116508 | Pan      | Noticed a seraph
116511 | Pan      | Received a gift from Okawaru
116526 | Pan      | Killed a seraph
116567 | Pan      | Found a glowing golden altar of the Shining One.
116607 | Pan      | Got a pitted turquoise ring
116612 | Pan      | Got a slimy long sword
116619 | Pan      | Got a demonic rune of Zot
116662 | Pan      | Got a shimmering great sword {god gift}
116680 | Pan      | Identified the ring of the Butterfly {-Tele rElec Str+6
                  | Dex+5} (You found it in Pandemonium)
116682 | Pan      | Identified the cursed +0 long sword of Honour {drain, *Rage
                  | MR+ Int+4 Dex+5} (You found it in Pandemonium)
117113 | Pan      | Got a faintly humming large shield
117124 | Pan      | Identified the cursed -7 large shield "Caogadu" {rC+ MR-
                  | Dex+2} (You took it off a daeva in Pandemonium)
117524 | Pan      | Received a gift from Okawaru
117748 | Pan      | HP: 12/250 [daeva/divine providence (13)]
118178 | Pan      | Found a white marble altar of Elyvilon.
118192 | Pan      | Reached skill level 15 in Evocations
118469 | Pan      | Received a gift from Okawaru
118488 | Pan      | Got a translucent crystal plate armour {god gift}
118590 | Pan      | Found a glowing silver altar of Zin.
119065 | Pan      | Got a bloodstained large shield
119065 | Pan      | Got a dazzling large shield
119069 | Pan      | Got a faintly humming large shield
119152 | Pan      | Identified the +3 large shield of Wrong Decisions {Str+6}
                  | (You took it off a daeva in Pandemonium)
119172 | Pan      | Identified the -6 large shield of Midwinter {MP-9 Int+3}
                  | (You took it off a daeva in Pandemonium)
119182 | Pan      | Identified the cursed +0 large shield "Ducih" {rC- rN+
                  | MR++} (You took it off a daeva in Pandemonium)
119216 | Pan      | Identified the +13 crystal plate armour of Liffasu {rF-
                  | Regen+ rCorr Dex+4} (Okawaru gifted it to you in
                  | Pandemonium)
119265 | Pan      | Identified the +4 great sword of the Brain {elec, rF+ rC+++
                  | MR- Stlth+} (Okawaru gifted it to you in Pandemonium)
119504 | Depths:4 | Escaped Pandemonium
120356 | Depths:3 | Voluntarily entered the Abyss.
120677 | Abyss:1  | Noticed an ancient lich
120678 | Abyss:1  | Killed an ancient lich
121200 | Abyss:1  | Found a corrupted altar of Lugonu.
121567 | Abyss:2  | Found a corrupted altar of Lugonu.
121755 | Abyss:2  | Gained mutation: You are occasionally teleported next to
                  | monsters. [a neqoxec]
121886 | Abyss:2  | Received a gift from Okawaru
121892 | Abyss:2  | Got a warped long sword {god gift}
122052 | Abyss:3  | Identified the +3 long sword of Dismemberment {slice,
                  | Dex+3} (Okawaru gifted it to you on level 2 of the Abyss)
122106 | Abyss:3  | Found a corrupted altar of Lugonu.
122180 | Abyss:3  | Found a corrupted altar of Lugonu.
122240 | Abyss:3  | Gained mutation: You have an uncontrollable temper. [a
                  | neqoxec]
122248 | Abyss:3  | Found a corrupted altar of Lugonu.
122268 | Abyss:3  | Gained mutation: You are very weak. (Str -4) [a neqoxec]
122285 | Abyss:3  | Found a corrupted altar of Lugonu.
122299 | Abyss:3  | Got an abyssal rune of Zot
122306 | Abyss:3  | Reached skill level 15 in Stealth
122405 | Abyss:4  | Found a stormy altar of Qazlal.
122413 | Depths:3 | Escaped the Abyss
122439 | Depths:3 | Received a gift from Okawaru
123523 | Depths:4 | Voluntarily entered the Abyss.
123591 | Abyss:1  | Noticed an ancient lich
123604 | Abyss:1  | Killed an ancient lich
123667 | Depths:4 | Escaped the Abyss
123801 | Depths:4 | Voluntarily entered the Abyss.
123919 | Abyss:1  | Found a corrupted altar of Lugonu.
123980 | Abyss:1  | Reached skill level 1 in Unarmed Combat
124187 | Depths:4 | Escaped the Abyss
124427 | Depths:4 | Voluntarily entered the Abyss.
124911 | Depths:4 | Escaped the Abyss
124969 | Depths:4 | Voluntarily entered the Abyss.
125355 | Depths:4 | Escaped the Abyss
125592 | Depths:4 | Voluntarily entered the Abyss.
125593 | Abyss:1  | Found a corrupted altar of Lugonu.
125593 | Abyss:1  | Found a corrupted altar of Lugonu.
125594 | Abyss:1  | Got a crystal great sword
125705 | Abyss:1  | Paralysed by accursed screaming for 1 turns
125849 | Abyss:1  | Noticed an ancient lich
125858 | Abyss:1  | Killed an ancient lich
126105 | Abyss:1  | Received a gift from Okawaru
126443 | Depths:4 | Escaped the Abyss
126572 | Depths:4 | Voluntarily entered the Abyss.
126627 | Abyss:1  | Got a brightly glowing lajatang
126977 | Depths:4 | Escaped the Abyss
126982 | Depths:4 | Identified the +9 lajatang "Pem Goar" {slice, Int+3} (You
                  | found it on level 1 of the Abyss)
126990 | Depths:4 | Identified the cursed +1 great sword "Jaoddag" {drain, rN+
                  | Int+5} (You found it on level 1 of the Abyss)
127024 | Depths:4 | Voluntarily entered the Abyss.
127445 | Abyss:1  | Lost mutation: Your spells are a little harder to cast, but
                  | a little more powerful. [mutagenic glow]
127931 | Depths:4 | Escaped the Abyss
128071 | Depths:4 | Voluntarily entered the Abyss.
128505 | Abyss:1  | Got a pitted plate armour
128606 | Abyss:1  | Found a bloodstained altar of Trog.
128677 | Abyss:1  | Identified the +8 plate armour of Zin's Indignation {rElec
                  | rC+} (You found it on level 1 of the Abyss)
128679 | Depths:4 | Escaped the Abyss
128865 | Depths:4 | Voluntarily entered the Abyss.
129121 | Abyss:1  | Received a gift from Okawaru
129184 | Abyss:1  | Found a shimmering altar of Xom.
129424 | Depths:4 | Escaped the Abyss
129682 | Depths:4 | Voluntarily entered the Abyss.
129877 | Abyss:1  | Gained mutation: Your body sometimes deteriorates upon
                  | taking damage. [a neqoxec]
130456 | Abyss:1  | Paralysed by accursed screaming for 1 turns
130459 | Abyss:1  | Received a gift from Okawaru
130479 | Abyss:1  | Got a pair of heavily runed boots {god gift}
130483 | Depths:4 | Escaped the Abyss
130496 | Depths:4 | Identified the +0 pair of boots of Poor Excuses {Str+3
                  | Int+3 Dex+6} (Okawaru gifted it to you on level 1 of the
                  | Abyss)
130758 | Depths:4 | Voluntarily entered the Abyss.
130827 | Abyss:1  | Paralysed by accursed screaming for 1 turns
131876 | Abyss:1  | Found a corrupted altar of Lugonu.
132116 | Depths:4 | Escaped the Abyss
132434 | Depths:4 | Voluntarily entered the Abyss.
132758 | Abyss:1  | Gained mutation: Your magical capacity is low. (-10% MP) [a
                  | cacodemon]
133160 | Abyss:1  | Gained mutation: You are dopey. (Int -2) [a neqoxec]
133182 | Abyss:1  | Found a stormy altar of Qazlal.
133191 | Depths:4 | Escaped the Abyss
134470 | Vaults:4 | Bought 2 potions of curing for 132 gold pieces
134470 | Vaults:4 | Bought a potion of resistance for 220 gold pieces
135038 | Depths:4 | Voluntarily entered the Abyss.
135089 | Abyss:1  | Found a corrupted altar of Lugonu.
135247 | Abyss:1  | Received a gift from Okawaru
135634 | Depths:4 | Escaped the Abyss
135679 | Depths:4 | Voluntarily entered the Abyss.
135683 | Abyss:1  | Found a corrupted altar of Lugonu.
135957 | Abyss:1  | Gained mutation: Scrolls take you longer to read. [a
                  | neqoxec]
135990 | Abyss:1  | Received a gift from Okawaru
136068 | Depths:4 | Escaped the Abyss
136326 | Depths:4 | Voluntarily entered the Abyss.
136558 | Depths:4 | Escaped the Abyss
136559 | Depths:4 | Lost mutation: You are occasionally teleported next to
                  | monsters. [potion of mutation]
136559 | Depths:4 | Lost mutation: You are frail. (-10% HP) [potion of
                  | mutation]
136559 | Depths:4 | Lost mutation: You are dopey. (Int -2) [potion of mutation]
136612 | Depths:4 | Lost mutation: Scrolls take you longer to read. [potion of
                  | mutation]
136612 | Depths:4 | Lost mutation: You have an uncontrollable temper. [potion
                  | of mutation]
136612 | Depths:4 | Gained mutation: You are resistant to hostile enchantments.
                  | (MR+) [potion of mutation]
136713 | Depths:4 | Lost mutation: You have hoof-like feet. [potion of
                  | mutation]
136713 | Depths:4 | Lost mutation: Your body sometimes deteriorates upon taking
                  | damage. [potion of mutation]
136713 | Depths:4 | Lost mutation: You occasionally shout uncontrollably at
                  | your foes. [potion of mutation]
136713 | Depths:4 | Lost mutation: You often lose your temper in combat.
                  | [potion of mutation]
136713 | Depths:4 | Gained mutation: You have very sharp teeth. [potion of
                  | mutation]
136868 | Pan      | Entered Pandemonium
136894 | Pan      | Noticed Notzeug the pandemonium lord
136911 | Pan      | Killed Notzeug the pandemonium lord
137060 | Pan      | Found an exit through the horrors of the Abyss.
138302 | Pan      | Found a huge runed gate.
138311 | Pan      | Noticed Hoefumm the pandemonium lord
138327 | Pan      | Killed Hoefumm the pandemonium lord
138428 | Pan      | Gained mutation: You are frail. (-10% HP) [a cacodemon]
138780 | Pan      | Received a gift from Okawaru
139083 | Pan      | Got a scorched plate armour
139096 | Pan      | Identified the Reference Book on Shifting Cold
139229 | Pan      | Noticed Yvinge the pandemonium lord
139234 | Pan      | Killed from afar by Yvinge the pandemonium lord

Skill      XL: |  1  2  3  4  5  6  7  8  9 10 11 12 13 14 15 16 17 18 19 20 21 22 23 24 25 26 27 |
---------------+----------------------------------------------------------------------------------+-----
Armour         | 4 5 6 7 9 10 11 13 14 15 16 17 18 19 20 21 22 25 27 | 27.0
Fighting       | 4 5 6 7 8 9 10 12 13 14 16 17 18 19 20 21 22 23 25 26 27 | 27.0
Shields        | 4 5 6 7 9 11 12 13 14 16 17 19 20 21 22 24 25 26 27 | 27.0
Long Blades    | 3 5 7 8 10 11 13 14 15 16 17 18 19 20 21 22 23 25 26 27 | 27.0
Dodging        | 1 2 3 4 5 6 9 |  9.0
Stealth        | 1 2 22 | 22.0
Evocations     | 1 2 21 | 21.3
Invocations    | 1 2 3 27 | 27.0
Unarmed Combat | 4 |  4.3

Action                   |  1- 3 |  4- 6 |  7- 9 | 10-12 | 13-15 | 16-18 | 19-21 | 22-24 | 25-27 || total
-------------------------+-------+-------+-------+-------+-------+-------+-------+-------+-------++-------
Melee: Long sword        |    89 |    73 |    86 |   579 |       |       |       |       |       ||   827
       Headbutt          |    10 |    30 |    48 |   215 |   477 |   423 |   630 |   731 |  2648 ||  5212
       Falchion          |       |    83 |   217 |       |       |       |       |       |       ||   300
       Demon blade       |       |       |       |   279 |   287 |       |       |       |       ||   566
       Scimitar          |       |       |       |       |   927 |       |       |       |       ||   927
       Double sword      |       |       |       |       |   115 |  1363 |  1497 |  1754 |  1917 ||  6646
       Katana            |       |       |       |       |       |       |       |       |  2195 ||  2195
       Eudemon blade     |       |       |       |       |       |       |       |       |  2643 ||  2643
       Bite              |       |       |       |       |       |       |       |       |    65 ||    65
       Unarmed           |       |       |       |       |       |       |       |       |     2 ||     2
Invok: Heroism           |       |       |     1 |     1 |    18 |     5 |     2 |     4 |    21 ||    52
       Finesse           |       |       |       |       |     2 |       |       |       |    10 ||    12
 Abil: Evoke Flight      |       |       |       |       |       |       |       |       |     1 ||     1
Evoke: Wand              |       |       |     1 |    12 |     7 |     4 |       |       |    18 ||    42
  Use: Potion            |       |     1 |     2 |     2 |     5 |     3 |     3 |     1 |    32 ||    49
       Scroll            |       |    10 |     4 |    15 |    14 |    16 |     9 |     6 |    59 ||   133
 Stab: Distracted        |       |       |       |       |       |       |       |       |    19 ||    19
       Petrified         |       |       |       |       |       |       |       |       |     1 ||     1
  Eat: Chunk             |       |     6 |     6 |    24 |    40 |    35 |    31 |    31 |    71 ||   244
       Ration            |       |       |     2 |     4 |     4 |     5 |     2 |     4 |    42 ||    63
Armor: Scale mail        |    42 |    32 |       |       |       |       |       |       |       ||    74
       Chain mail        |       |    26 |   107 |   343 |   364 |       |       |       |       ||   840
       Gold dragon scale |       |       |       |       |     9 |   296 |       |       |   688 ||   993
       Crystal plate arm |       |       |       |       |       |   324 |   464 |   783 |  2097 ||  3668
       Skin              |       |       |       |       |       |       |       |       |     4 ||     4
Dodge: Dodged            |    26 |    25 |    80 |   239 |   441 |   362 |   270 |   409 |  1952 ||  3804
Block: Shield            |    57 |    72 |   163 |   488 |   855 |  1088 |       |   747 |  3902 ||  7372
       Large shield      |       |       |       |       |       |    12 |  1528 |  1216 |  3451 ||  6207
       Reflection        |       |       |       |       |       |       |       |    32 |   218 ||   250
       Rpst.: Long sword |     3 |     3 |    12 |    30 |       |       |       |       |       ||    48
       Falchion          |       |     4 |    17 |       |       |       |       |       |       ||    21
       Demon blade       |       |       |       |    24 |    48 |       |       |       |       ||    72
       Scimitar          |       |       |       |       |    78 |       |       |       |       ||    78
       Double sword      |       |       |       |       |    17 |   124 |    88 |   162 |   191 ||   582
       Katana            |       |       |       |       |       |       |       |       |   239 ||   239
       Eudemon blade     |       |       |       |       |       |       |       |       |   157 ||   157
